 Dungeon Crawl Stone Soup version 0.29-a0-303-ge4682ce883 (webtiles) character file.

Game seed: 12906218084160281716

456 Gargoyl the Skirmisher (level 7, 0/44 HPs)
             Began as a Gargoyle Abyssal Knight on Mar 25, 2022.
             Was a Priest of Lugonu.
             Splashed by a jelly's acid (5 damage)
             ... on level 5 of the Dungeon.
             The game lasted 00:06:42 (5083 turns).

Gargoyl the Skirmisher (Gargoyle Abyssal Knight)    Turns: 5083, Time: 00:06:43

Health: 0/44       AC: 10    Str: 24      XL:     7   Next: 6%
Magic:  8/8        EV: 11    Int: 11      God:    Lugonu [***...]
Gold:   178        SH:  0    Dex:  9 (10) Spells: 6/6 levels left

rFire   . . .      SeeInvis .   m - +2 hand axe (vorpal)
rCold   . . .      Faith    .   (no shield)
rNeg    + . .      Spirit   .   c - +0 ring mail
rPois   ∞          Reflect  .   d - +0 helmet
rElec   +          Harm     .   (no cloak)
rCorr   .          Rampage  .   i - +1 pair of gloves
Will    .....      Clarity  +   (no boots)
Stlth   +.........              e - amulet of magic regeneration
HPRegen 0.14/turn               j - +6 ring of strength
MPRegen 0.51/turn               (no ring)

@: corroded
A: sickness immunity, AC +4, negative energy resistance 1, electricity
resistance, torment resistance 1, petrification resistance, clarity,
deterioration 1
a: Renounce Religion, Depart the Abyss, Bend Space, Banish


You were on level 5 of the Dungeon.
You worshipped Lugonu.
Lugonu was most pleased with you.
You visited 1 branch of the dungeon, and saw 5 of its levels.
You visited the Abyss 1 time.

You collected 214 gold pieces.
You spent 36 gold pieces at shops.

Inventory:

Hand Weapons
 a - a +2 hand axe
 m - a +2 vorpal hand axe (weapon)
Missiles
 o - 8 poisoned darts (quivered)
Armour
 c - a +0 ring mail (worn)
 d - a +0 helmet (worn)
 i - a +1 pair of gloves (worn)
Jewellery
 e - an amulet of magic regeneration (around neck)
 j - a +6 ring of strength (left hand)
Wands
 r - a wand of digging (4)
Scrolls
 f - 2 scrolls of teleportation
 g - 2 scrolls of identify
 p - a scroll of enchant armour {unknown}
Potions
 b - a potion of curing {unknown}
 h - a potion of resistance
 k - 2 potions of heal wounds
 l - 2 potions of degeneration {unknown}
 n - a potion of might


   Skills:
 + Level 4.5 Fighting
 + Level 4.5 Axes
 + Level 4.3 Armour
 + Level 2.0 Dodging
 + Level 0.9 Stealth
 + Level 2.1 Invocations


You had 6 spell levels left.
You didn't know any spells.
Your spell library contained the following spells:

 Spells                   Type           Power      Damage    Failure   Level
 Call Canine Familiar     Summ           0%         N/A       85%         3
 Portal Projectile        Hex/Tloc       0%         N/A       85%         3
 Leda's Liquefaction      Hex/Erth       0%         N/A       99%         4


Dungeon Overview and Level Annotations

Branches:
Dungeon (5/15)
 Temple: D:4-7

Altars:
Makhleb
Nemelex Xobeh
Vehumet

Shops:
D:1 *?


Innate Abilities, Weirdness & Mutations

You are immune to sickness and miasma.
Your stone body is resilient. (AC +4)
You are immune to poison.
You resist negative energy. (rN+)
You are resistant to electric shocks. (rElec)
You are resistant to unholy torment.
You are immune to petrification.
You possess an exceptional clarity of mind.
Your body sometimes deteriorates upon taking damage.


Message History

The jelly quivers.
You hit the black bear.
The black bear is moderately wounded.
The black bear bites you.
The black bear claws you but does no damage. x2
Unknown command.
You hit the black bear.
The black bear is severely wounded.
The black bear bites you.
Your body deteriorates!
You feel weakened. The black bear barely misses you.
The black bear claws you but does no damage.
You slash the black bear!
The black bear is almost dead.
The black bear bites you.
Your body deteriorates!
You feel clumsy. The black bear misses you.
The black bear claws you but does no damage.
You hit the black bear.
You kill the black bear!
Lugonu accepts your kill.
You feel your strength returning.
Your Dodging skill increases to level 2!
You have reached level 7!
Unknown command.
Unknown command.
Unknown command.
The ogre shouts!
You hit the jelly.
Your hands burn!
The jelly is moderately wounded.
The jelly hits you but does no damage.
You hit the jelly.
Your hands burn!
The jelly is moderately wounded.
The jelly completely misses you.
You hit the jelly.
Your hands burn!
The jelly is heavily wounded.
The jelly hits you.
You are splashed with acid!
* * * LOW HITPOINT WARNING * * *
You hit the jelly. The acid corrodes you!
Your hands burn!
You die...

#............#..#######..
#..........####.).######.<
............# ##..#.......
#...........####.....######
#............##....###
#...............#..#
#.#................#####
#..#........†.####.....#
#......@...# #.###..§≈
#......J...# #.# ≈#
##..........# #......≈#
#.........O..........≈#
#..........<.##......≈#
...........#..........'
#..........####......≈#
#..........# ##.....≈#
##...≈#


You could see an ogre and a jelly.

Vanquished Creatures
  A black bear (D:5)
  A phantom (D:2)
  A howler monkey (D:5)
  A crimson imp (D:4)
  2 orc wizards (D:3)
  6 adders
  An ufetubus (D:4)
  3 worms (D:3)
  2 dart slugs (D:3)
  7 orcs
  5 bats
  6 endoplasms
  7 giant cockroaches
  4 goblins
  4 hobgoblins (D:4)
  7 jackals
  4 quokkas
  13 ball pythons
  2 frilled lizards
  8 kobolds
  3 rats
88 creatures vanquished.

Vanquished Creatures (others)
  7 fungi (D:3)
  2 plants (D:3)
9 creatures vanquished.

Grand Total: 97 creatures vanquished

Notes
Turn   | Place    | Note
-------+----------+-------------------------------------------
     0 | Abyss:1  | Gargoyl the Gargoyle Abyssal Knight began the quest for the
                  | Orb.
     0 | Abyss:1  | Reached XP level 1. HP: 14/14 MP: 2/2
     5 | D:1      | Escaped the Abyss
   119 | D:1      | Reached ** piety under Lugonu
   392 | D:1      | Reached XP level 2. HP: 19/19 MP: 3/3
   974 | D:1      | Found Sazoadaz's General Store.
  1017 | D:1      | Found Onas Kau's Magic Scroll Boutique.
  1029 | D:1      | Bought a scroll of teleportation for 36 gold pieces
  1100 | D:2      | Reached XP level 3. HP: 21/24 MP: 4/4
  1101 | D:2      | Reached skill level 1 in Dodging
  1648 | D:3      | Found a sparkling altar of Nemelex Xobeh.
  1981 | D:3      | Reached XP level 4. HP: 26/29 MP: 5/5
  2582 | D:3      | Reached XP level 5. HP: 26/33 MP: 6/6
  2583 | D:3      | Reached *** piety under Lugonu
  2973 | D:3      | Found a faded altar of an unknown god.
  3356 | D:2      | Noticed a phantom
  3372 | D:2      | Gained mutation: Your body sometimes deteriorates upon
                  | taking damage. [potion of mutation]
  3372 | D:2      | Gained mutation: You possess an exceptional clarity of
                  | mind. [potion of mutation]
  3379 | D:2      | Killed a phantom
  3799 | D:4      | Reached XP level 6. HP: 38/39 MP: 7/7
  4325 | D:4      | Found a radiant altar of Vehumet.
  4326 | D:4      | Found a burning altar of Makhleb.
  4666 | D:5      | Entered Level 5 of the Dungeon
  5069 | D:5      | Noticed a black bear
  5078 | D:5      | Killed a black bear
  5079 | D:5      | Reached XP level 7. HP: 29/44 MP: 8/8
  5083 | D:5      | Splashed by a jelly's acid

Illustrated notes

Levels and vault maps discovered:
D:1:      lordsloth_arrival_two_stooges, layout_loops_corners, serial_shops,
          shop, nicolae_shop_trees, chequers_arboretum, minmay_worlds_worst_comb
D:2:      layout_basic
D:3:      mumra_celtic_spiral_tile, layout_loops_cross,
          nemelex_xobeh_ov_fountains_minmay,
          shapermc_ecumenical_altar_hornbeckon
D:4:      layout_gridville, grunt_temple_overflow_lords_of_destruction
D:5:      layout_rooms, kennysheep_mini, mainiacjoe_overflow_six_doors_small,
          lightli_temple_of_fire, minmay_temple_entry_butterflies

Skill      XL: |  1  2  3  4  5  6 |
---------------+-------------------+-----
Axes           | 2 3 4 |  4.5
Dodging        | 1 2 |  2.0
Fighting       | 4 |  4.5
Armour         | 3 4 |  4.3
Stealth        | |  0.9
Invocations    | |  2.1

Action                   |  1- 3 |  4- 6 |  7- 9 || total
-------------------------+-------+-------+-------++-------
Melee: Hand axe          |    97 |   175 |     4 ||   276
       Punch             |       |     4 |       ||     4
Invok: Depart the Abyss  |     1 |       |       ||     1
  Use: Scroll            |     3 |     4 |       ||     7
       Potion            |       |     2 |       ||     2
Armor: Ring mail         |    65 |    98 |     1 ||   164
       Leather armour    |     1 |       |       ||     1
Dodge: Dodged            |    76 |   104 |     1 ||   181

Table legend: (Time is in decaauts)
 A = Elapsed time spent in this place.
 B = Non-inter-level travel time spent in this place.
 C = Inter-level travel time spent in this place.
 D = Time resting spent in this place.
 E = Time spent auto-exploring this place.
 F = Levels seen in this place.
 G = Mean time per level.
                   A        B        C        D        E       F      G
               +--------+--------+--------+--------+--------+-----+--------+
         Total |   5130 |   4715 |    415 |    219 |   3565 |   6 |  855.0 |
       Dungeon |   5125 |   4710 |    415 |    219 |   3561 |   5 | 1025.0 |
         Abyss |      5 |      5 |      0 |      0 |      4 |   1 |    5.0 |
               +--------+--------+--------+--------+--------+-----+--------+

Top non-repeatable levels by time:
     D:3: 1886 daAuts
     D:4: 1176 daAuts
     D:1: 1090 daAuts
     D:2: 841 daAuts
     D:5: 131 daAuts
 Abyss:1: 5 daAuts
